 Dungeon Crawl Stone Soup version 0.30-a0-755-g0b50240ab4 (webtiles) character file.

Game seed: 10603745089836986341

62 SeventhVestige the Covered (level 4, -2/35 HPs)
             Began as a Human Fighter on Feb 9, 2023.
             Was a Follower of Elyvilon.
             Killed by divine providence
             ... invoked by an orc priest
              (15 damage)
             ... on level 2 of the Dungeon.
             The game lasted 00:04:44 (1071 turns).

SeventhVestige the Covered (Human Fighter)          Turns: 1071, Time: 00:04:44

Health: -2/35      AC: 13    Str: 17    XL:     4   Next: 28%
Magic:  4/4        EV:  9    Int:  8    God:    Elyvilon [*.....]
Gold:   83         SH:  5    Dex: 14    Spells: 3/3 levels left

rFire   . . .      SeeInvis .    g - +4 spear "Fyujyb" {venom, rElec rN+}
rCold   . . .      Faith    .    c - +0 buckler
rNeg    + . .      Spirit   .    b - +3 scale mail
rPois   .          Reflect  .    (no helmet)
rElec   +          Harm     .    h - +2 cloak
rCorr   .          Rampage  .    (no gloves)
Will    .....                    (no boots) Stlth
                                 (no amulet)
HPRegen 0.25/turn                (no ring)
MPRegen 0.09/turn                (no ring)

@: no status effects
A: no striking features
a: Renounce Religion, Purification


You were on level 2 of the Dungeon.
You worshipped Elyvilon.
Elyvilon was aware of your devotion.
You visited 1 branch of the dungeon, and saw 2 of its levels.

You collected 83 gold pieces.

Inventory:

Hand Weapons
 a - a +0 long sword
 g - the +4 spear "Fyujyb" (weapon) {venom, rElec rN+}
   (You found it on level 2 of the Dungeon)

   rElec:     It insulates you from electricity.
   rN:        It protects you from negative energy.
Armour
 b - a +3 scale mail (worn)
 c - a +0 buckler (worn)
 h - a +2 cloak (worn)
Scrolls
 f - a scroll of identify
Potions
 d - a potion of might
 e - a potion of attraction
 i - a potion of lignification


   Skills:
 + Level 3.0 Fighting
 + Level 2.7 Long Blades
 + Level 0.3 Polearms
 + Level 3.8 Armour
 + Level 0.4 Dodging
 + Level 3.4 Shields


You had 3 spell levels left.
You didn't know any spells.
Your spell library contained the following spells:

 Spells                   Type           Power      Damage    Failure   Level
 Anguish                  Hex/Necr       0%         N/A       100%        4
 Enfeeble                 Hex            0%         N/A       100%        7


Dungeon Overview and Level Annotations

Branches:
Dungeon (2/15)

Altars:
Elyvilon

Shops:
D:1 [


Message History

You hit the worm.
The worm is poisoned.
The worm is moderately wounded.
An orc priest comes into view. It is wielding a +0 mace.
An orc comes into view. It is wielding a +0 mace.
The orc priest moves out of view.
The orc shouts!
You hit the worm.
The worm is heavily wounded.
The worm bites you but does no damage.
You barely miss the worm.
The worm is severely wounded.
An orc comes into view. It is wielding a +0 whip.
The worm barely misses you.
The orc shouts!
You hit the worm.
You kill the worm!
The orc wizard points at you and mumbles some strange words.
The puff of flame hits you!
The orc priest invokes the aid of Beogh against something.
Beogh smites you!
You are too injured to fight recklessly!
You are too injured to fight recklessly!
You are too injured to fight recklessly!
You aren't carrying any items that you can evoke.
Okay, then.
You are too injured to fight recklessly!
You are too injured to fight recklessly!
You block the orc's attack.
The orc wizard hits you but does no damage.
You hit the orc.
The orc is poisoned.
The orc is severely wounded.
You kill the orc!
The orc wizard hits you but does no damage.
You barely miss the orc. The orc barely misses you.
The orc wizard hits you with a +0 dagger.
You puncture the orc!
You kill the orc!
The orc priest mumbles some strange prayers to Beogh against you.
Beogh smites you!
You die...

#..##.~.~~.## ##
........#.......~P..###.
.8...8..#..##........#.#
.......... #####.......
......... ##.#.###.
......... .†.#.#.#.
.8..o8o.# ###.#..#..
......o)# #...###.
########@# ...## ##
.........# ###.###.
########.## #.#.###..#.#
#.>...##.# ..........##
###.....##.# #.#.####..#
...........# .. #..#
###.....#### #.##..##
###.....########
#.......
...............#
###.##..##


You could see an orc priest, an orc wizard and an orc.

Vanquished Creatures
  An adder (D:2)
  An adder zombie (D:2)
  An adder skeleton (D:2)
  A worm (D:2)
  2 orcs (D:2)
  6 ball pythons
  3 endoplasms
  2 giant cockroaches (D:1)
  3 goblins (D:1)
  A hobgoblin (D:1)
  2 jackals (D:1)
  5 quokkas
  A ball python skeleton (D:2)
  4 bats
  3 frilled lizards
  A quokka skeleton (D:2)
  6 rats
43 creatures vanquished.

Vanquished Creatures (others)
  A hobgoblin (D:1)
  A withered plant (D:2)
2 creatures vanquished.

Grand Total: 45 creatures vanquished

Notes
Turn   | Place    | Note
-------+----------+-------------------------------------------
     0 | D:1      | SeventhVestige the Human Fighter began the quest for the
                  | Orb.
     0 | D:1      | Reached XP level 1. HP: 18/18 MP: 1/1
    43 | D:1      | Found Nawa's Antique Armour Emporium.
    83 | D:1      | Reached XP level 2. HP: 17/24 MP: 0/2
   462 | D:1      | Reached XP level 3. HP: 29/29 MP: 3/3
   819 | D:2      | Identified the +4 spear "Fyujyb" {venom, rElec rN+}
   981 | D:2      | Found a faded altar of an unknown god.
  1009 | D:2      | Reached XP level 4. HP: 33/35 MP: 4/4
  1010 | D:2      | Prayed at the altar of an unknown god.
  1010 | D:2      | Became a worshipper of Elyvilon the Healer
  1010 | D:2      | Reached * piety under Elyvilon
  1071 | D:2      | Killed from afar by an orc priest

Illustrated notes

Levels and vault maps discovered:
D:1:      ncdulo_halloftheorcs, layout_basic, serial_shops,
          nicolae_shop_hallway_plus, lemuel_flame_loot_1
D:2:      cheibrodos_pilgrimage, layout_loops_ring, basic_altar,
          hellmonk_ecumenical_altar_lost_god, serial_undead, serial_undead_e,
          serial_undead_a, serial_undead_f, serial_undead_a, uniq_natasha

Action                     |  1- 3 |  4- 6 || total
---------------------------+-------+-------++-------
  Melee: Long sword        |   107 |       ||   107
         Spear             |    19 |     7 ||    26
    Use: Scroll            |     8 |       ||     8
         Potion            |     4 |       ||     4
 Armour: Scale mail        |    69 |     3 ||    72
  Dodge: Dodged            |    70 |     2 ||    72
  Block: Buckler           |    40 |     1 ||    41

Table legend: (Time is in decaauts)
 A = Elapsed time spent in this place.
 B = Non-inter-level travel time spent in this place.
 C = Inter-level travel time spent in this place.
 D = Time resting spent in this place.
 E = Time spent auto-exploring this place.
 F = Levels seen in this place.
 G = Mean time per level.
                   A        B        C        D        E       F      G
               +--------+--------+--------+--------+--------+-----+--------+
         Total |   1115 |   1072 |     43 |     29 |    585 |   2 |  557.5 |
       Dungeon |   1115 |   1072 |     43 |     29 |    585 |   2 |  557.5 |
               +--------+--------+--------+--------+--------+-----+--------+

Top non-repeatable levels by time:
     D:1: 721 daAuts
     D:2: 394 daAuts
